Map: Ascension to Aiur LE

Players

Winthrowe

  • Race: Terran Terran
  • League: Silver
  • Spawn Location: 11:00

A.I. 1 (Very Hard) - Winner!

  • Race: Terran Terran
  • Spawn Location: 5:00

VOD

Have the link to the VOD?

Description

Time

  • Played on: Aug. 20, 2017, 6:45 p.m.
  • Length: 13:29
Show
View Real Time Build Order
Export as new Build Order

Winthrowe Terran 

Build Orders: MMM Bio 

Get SALT Encoding   

  12  0:01  SCV  
  13  0:13  SCV  
  14  0:19  Supply Depot  
  14  0:26  SCV  
  15  0:41  SCV  
  16  0:44  Barracks  
  16  0:53  SCV  
  17  0:57  Supply Depot  
  17  1:05  SCV  
  18  1:17  SCV  
  19  1:27  Refinery  
  19  1:29  SCV  
  20  1:41  Refinery  
  20  1:42  Barracks  
  20  1:58  Orbital Command  
  20  2:00  Bunker  
  20  2:33  Factory  
  20  2:35  Barracks Reactor  
  20  2:37  Barracks Tech Lab  
  20  2:57  Marauder  
  22  3:30  Siege Tank  
  25  3:35  Marine  
  25  3:36  Marine  
  25  3:37  Marine  
  28  3:52  Supply Depot  
  28  3:53  Marine x2  
  28  3:54  Marine  
  28  3:55  Supply Depot  
  31  4:14  Marine x3, Siege Tank  
  31  4:16  Supply Depot  
  35  4:31  Marine x3, Infernal Pre-Igniter  
  38  4:49  Marine x2  
  38  4:50  SCV  
  41  5:35  Command Center  
  41  5:47  Engineering Bay  
  41  6:01  Barracks Tech Lab  
  41  6:06  Marauder  
  43  6:13  Hellion x2, Engineering Bay  
  47  6:27  Marine, Stimpack  
  47  6:32  Combat Shields  
  48  6:34  Cyclone x2  
  48  6:38  Marine  
  55  6:46  Marine  
  56  6:56  Marine  
  56  6:59  Supply Depot  
  57  7:04  Marine  
  58  7:18  Starport  
  58  7:22  Supply Depot  
  58  7:23  Terran Infantry Weapons Level 1  
  58  7:25  Terran Infantry Armor Level 1  
  58  7:29  Marine, Marauder  
  61  7:44  SCV, Supply Depot  
  61  7:45  SCV  
  61  7:51  Concussive Shells  
  63  7:56  SCV, Marauder  
  63  7:57  SCV  
  67  7:59  Marauder  
  69  8:08  SCV  
  70  8:52  Medivac  
  70  8:53  Medivac  
  74  8:57  Marine x2  
  76  9:12  Factory Reactor  
  76  9:14  Marine  
  76  9:15  Marine  
  78  9:32  Marine  
  78  9:33  Marine  
  80  9:42  Armory  
  80  9:50  Marine x2  
  52  10:08  Marine  
  52  10:09  Medivac x2  
  64  10:27  Marauder  
  59  10:39  Viking x2  
  59  10:40  Planetary Fortress  
  63  10:47  Marine  
  64  11:00  Marine  
  64  11:01  Marine  
  66  11:05  Marine  
  65  11:18  Marine x2  
  65  11:23  Marine  
  47  11:30  Command Center  
  41  11:36  Marine x2  
  41  11:41  Marine  
  24  11:54  Marine x2  
  24  11:59  Marine  
Show
View Real Time Build Order
Export as new Build Order

A.I. 1 (Very Hard) Terran - Winner!

Build Orders: MMM Bio 

Get SALT Encoding   

  12  0:00  SCV  
  13  0:13  SCV  
  14  0:19  Supply Depot  
  14  0:25  SCV  
  15  0:40  SCV  
  15  0:42  Barracks  
  16  0:47  Refinery  
  16  0:53  SCV  
  17  1:02  Barracks  
  17  1:05  SCV  
  18  1:17  SCV  
  19  1:29  Orbital Command  
  19  1:30  Marine  
  20  1:40  Barracks  
  20  1:48  Marine  
  20  1:49  Marine  
  22  1:56  Supply Depot  
  22  1:59  SCV  
  23  2:06  Barracks Tech Lab  
  23  2:07  Barracks Tech Lab  
  23  2:18  SCV  
  24  2:24  Marine  
  24  2:25  Marine  
  24  2:26  Stimpack  
  24  2:27  Marine, Concussive Shells  
  27  2:36  Supply Depot  
  27  2:42  Marine  
  27  2:43  Marine  
  29  2:44  Marine, SCV  
  31  3:00  Marauder  
  31  3:02  Marine, Marauder  
  31  3:05  Supply Depot  
  36  3:18  SCV  
  37  3:20  Marine  
  37  3:21  Marine  
  37  3:23  Combat Shields  
  37  3:24  Supply Depot  
  37  3:26  Marine  
  40  3:38  Marine  
  40  3:39  Marauder  
  40  3:40  Refinery  
  43  3:45  Marauder  
  45  4:01  Marauder  
  47  4:03  SCV  
  47  4:05  Supply Depot  
  48  4:15  SCV  
  49  4:23  Marine x2  
  45  4:27  SCV  
  45  4:28  Marine  
  47  4:31  Factory  
  47  4:41  Marine, Marauder  
  50  4:46  Command Center  
  50  4:49  Barracks Reactor  
  50  4:59  Marauder  
  52  5:02  Marine  
  53  5:20  Marine, Starport, Marauder  
  56  5:23  Supply Depot  
  56  5:31  Marine  
  56  5:33  Marine  
  58  5:38  Marauder  
  60  5:45  Marauder  
  60  5:47  Supply Depot  
  62  5:57  Medivac, Engineering Bay  
  62  6:00  Marauder  
  66  6:07  SCV  
  66  6:11  SCV  
  68  6:19  SCV  
  68  6:23  SCV  
  68  6:24  Terran Infantry Weapons Level 1  
  70  6:27  Medivac  
  70  6:28  Marauder  
  70  6:31  SCV  
  75  6:35  SCV  
  76  6:43  SCV  
  76  6:44  Engineering Bay  
  77  6:47  SCV  
  78  6:55  SCV  
  78  6:59  SCV  
  80  7:02  Refinery  
  80  7:07  SCV  
  81  7:09  Refinery  
  81  7:10  Terran Infantry Armor Level 1  
  81  7:11  SCV  
  82  7:19  Starport Reactor, SCV, Barracks  
  82  7:22  Missile Turret  
  83  7:23  SCV  
  83  7:25  Missile Turret  
  84  7:36  Command Center  
  84  7:43  Orbital Command  
  84  7:50  Supply Depot, SCV  
  85  7:56  Medivac  
  87  8:01  Medivac  
  87  8:02  SCV  
  90  8:05  Marine  
  90  8:08  Marine, SCV  
  93  8:14  SCV  
  93  8:16  Supply Depot  
  93  8:18  Marine  
  95  8:21  Marine, SCV  
  97  8:27  Viking  
  97  8:33  Viking  
  101  8:39  Supply Depot  
  101  8:47  Marauder  
  103  8:49  SCV  
  103  8:50  SCV  
  103  8:53  SCV  
  106  8:57  Viking  
  106  9:01  SCV  
  106  9:02  SCV  
  110  9:05  SCV  
  111  9:13  Missile Turret, SCV  
  111  9:15  Missile Turret, SCV  
  113  9:17  Orbital Command  
  113  9:22  Viking  
  115  9:25  SCV  
  115  9:27  Viking  
  115  9:29  SCV, Supply Depot  
  119  9:37  SCV  
  120  9:39  Marauder  
  120  9:42  SCV, Marauder  
  120  9:43  SCV  
  126  9:48  Marine  
  126  9:49  SCV  
  126  9:51  Viking  
  126  9:52  Marine  
  118  9:54  Marine, SCV  
  118  9:55  SCV  
  116  10:01  Viking, SCV, Marauder  
  116  10:03  Marine  
  116  10:05  Marine  
  123  10:09  Marine  
  123  10:11  Supply Depot  
  123  10:12  Marine  
  125  10:21  Viking  
  125  10:22  Marine, Marauder  
  125  10:24  Marine, Armory  
  131  10:30  Missile Turret  
  131  10:36  Supply Depot  
  131  10:40  Marauder  
  133  10:47  Factory, Hellion  
  135  10:52  Starport  
  135  10:54  Command Center  
  135  11:06  Supply Depot  
  135  11:09  Factory Tech Lab  
  135  11:16  Missile Turret  
  131  11:27  Cyclone  
  131  11:28  Starport Tech Lab  
  131  11:29  Infernal Pre-Igniter  
  131  11:30  Marine x3  
  131  11:31  Marine, Cyclone  
  132  11:33  Marine  
  132  11:39  Factory  
  123  11:40  Missile Turret, Hi-Sec Auto Tracking  
  123  11:44  Missile Turret  
  110  11:47  Raven, High Capacity Fuel Tanks  
  110  11:48  Marine x2, Missile Turret  
  110  11:49  Marine, Armory  
  110  11:50  Marine  
  110  11:51  Marine  
  115  11:58  Widow Mine  
  117  12:01  Refinery  
  117  12:04  Factory Tech Lab, Refinery  
  117  12:06  Planetary Fortress, SCV  
  117  12:07  SCV x2  
  120  12:18  Missile Turret, SCV  
  120  12:19  SCV x2  
  120  12:20  Missile Turret  
  120  12:21  Thor, Refinery  
  120  12:22  Widow Mine  
  131  12:28  Hellion  
  133  12:30  Raven, SCV  
  133  12:31  Factory  
  133  12:32  SCV x2  
  138  12:37  Command Center  
  138  12:40  Missile Turret  
  138  12:49  Hellion  
  140  12:51  Factory Tech Lab  
  140  12:52  Viking  
  140  12:53  Marine  
  140  12:54  Marine  
  140  12:55  Marine  
  140  12:56  Marine  
  146  13:00  Marine, Supply Depot  
  153  13:08  Ghost Academy  
  166  13:24  Supply Depot  
Tags
 
Composition
MMM BioMMM Bio
League
Silver
Matchup
TvT
Race
Terran
Spawn Locations
Cross Positions
Add a new tag
Caveats
  • Supply blocks, unpowered buildings, or Contaminate may cause inaccurate times.
  • Supply counts are checked every 10 seconds.